 Dungeon Crawl Stone Soup version 0.30-a0-956-gcec3b41aec (webtiles) character file.

Game seed: 14653606431207344356

158 dialectric the Covert (level 5, -4/26 HPs)
             Began as a Spriggan Brigand on Mar 29, 2023.
             Was an Initiate of Gozag.
             Splashed by a jelly's acid (10 damage)
             ... on level 4 of the Dungeon.
             The game lasted 00:02:38 (2278 turns).

dialectric the Covert (Spriggan Brigand)            Turns: 2278, Time: 00:02:39

Health: -4/26      AC:  3    Str:  7    XL:     5   Next: 16%
Magic:  6/6        EV: 17    Int: 12    God:    Gozag
Gold:   322        SH:  0    Dex: 19    Spells: 4/4 levels left

rFire   . . .      SeeInvis +    a - +2 dagger
rCold   . . .      Faith    .    (no shield)
rNeg    . . .      Spirit   .    b - +0 robe
rPois   .          Reflect  .    (helmet restricted)
rElec   .          Rampage  .    c - +0 cloak
rCorr   .                        (gloves unavailable)
Will    .....                    (boots unavailable)
Stlth   ++++                     (no amulet)
HPRegen 0.24/turn                s - ring of flight
MPRegen 0.10/turn                (no ring)

@: flying, very quick
A: very small, no large weapons, unfitting armour, see invisible, speed 3
a: Renounce Religion, Potion Petition, Call Merchant, Bribe Branch


You were on level 4 of the Dungeon.
You worshipped Gozag.
Gozag was aware of your devotion.
You visited 1 branch of the dungeon, and saw 4 of its levels.

You collected 322 gold pieces.

Inventory:

Hand Weapons
 a - a +2 dagger (weapon)
Missiles
 d - 11 poisoned darts
 e - 3 curare-tipped darts (quivered)
Armour
 b - a +0 robe (worn)
 c - a +0 cloak (worn)
 f - a scarf of repulsion
Jewellery
 s - a ring of flight (left hand)
Scrolls
 g - a scroll of noise {unknown}
 h - a scroll of immolation {unknown}
 j - a scroll of silence {unknown}
 k - 3 scrolls of fog {unknown}
 l - 3 scrolls of identify {unknown}
 m - a scroll of vulnerability {unknown}
 o - a scroll of magic mapping {unknown}
 q - a scroll of brand weapon {unknown}
 t - a scroll of blinking {unknown}
Potions
 i - a potion of mutation {unknown}
 n - 2 potions of degeneration {unknown}
 p - 2 potions of ambrosia {unknown}
 r - a potion of flight {unknown}


   Skills:
 + Level 2.0 Fighting
 + Level 3.5 Short Blades
 + Level 2.2 Throwing
 + Level 2.4 Dodging
 + Level 8.1 Stealth


You had 4 spell levels left.
You didn't know any spells.
Your spell library contained the following spells:

 Spells                   Type           Power      Damage    Failure   Level
 Magic Dart               Conj           0%         1d3       32%         1
 Call Imp                 Summ           0%         N/A       45%         2
 Lesser Beckoning         Tloc           0%         N/A       45%         2
 Gell's Gravitas          Tloc           0%         N/A       69%         3
 Ignite Poison            Fire/Tmut/Pois 0%         N/A       69%         3
 Kindle Blastsparks       Fire/Tloc/Air  0%         2d10      69%         3
 Mephitic Cloud           Conj/Pois/Air  0%         N/A       69%         3
 Teleport Other           Tloc           0%         N/A       69%         3
 Freezing Cloud           Conj/Ice/Air   0%         6-21      100%        5


Dungeon Overview and Level Annotations

Branches:
Dungeon (4/15)             Temple (0/1) D:4

Altars:
Dithmenos
Gozag

Shops:
D:1 (

Annotations:
D:3 Robin


Innate Abilities, Weirdness & Mutations

You are very small and have problems with some larger weapons.
You are too small for most types of armour.
You have supernaturally acute eyesight. (SInv)
You cover ground extremely quickly. (Speed+++)


Message History

Found a plate armour.
No target in view!
There is an open door here.
You reach down and open the door.
Found a stone staircase leading down.
No target in view!
No target in view!
There is an open door here.
t - a scroll labelled DEIG ONAUNN No target in view!
You now have 322 gold pieces (gained 7).
You reach down and open the door.
There is an open door here.
A jelly comes into view.
Found a stone staircase leading up.
A jelly is nearby!
You see here a fuming puce potion.
Found a robe.
You hit the jelly.
Your hands burn!
The jelly is moderately wounded.
The jelly hits you but does no damage.
You completely miss the jelly.
The jelly is moderately wounded.
You hit the jelly.
Your hands burn!
The jelly is heavily wounded.
The jelly hits you.
You are splashed with acid!
You are too injured to fight recklessly!
You are too injured to fight recklessly!
You are too injured to fight recklessly!
You are too injured to fight recklessly!
You are too injured to fight recklessly!
You are too injured to fight recklessly!
You hit the jelly.
Your hands burn!
* * * LOW HITPOINT WARNING * * *
The jelly is heavily wounded.
The jelly hits you.
* * * LOW HITPOINT WARNING * * *
You are splashed with acid!
You die...
Your body crumbles into a pile of gold.

...#
#...#...'....#
#'##
#...##..#....#
...#
+...##..#....#
...#
#.......#....#
...#
#.......#....#
...#
#..!#####....#
...# +...#
#....# ...#
#...# #...!#
...# #..@#
...# #..J#
...# #...#
+...# ...#
#...# ...#
#.[.# ...#
#...# ...#
##### ...#


You could see a jelly.

Vanquished Creatures
  A scorpion (D:4)
  A jelly (D:4)
  2 adders
  A worm (D:2)
  A dart slug (D:1)
  2 orcs (D:4)
  2 endoplasms (D:2)
  A giant cockroach (D:2)
  4 hobgoblins
  2 quokkas (D:2)
  A ball python (D:1)
  6 bats
  4 frilled lizards
  8 goblins
  6 kobolds
  5 rats
47 creatures vanquished.

Vanquished Creatures (others)
  14 plants (D:2)
14 creatures vanquished.

Grand Total: 61 creatures vanquished

Notes
Turn   | Place    | Note
-------+----------+-------------------------------------------
     0 | D:1      | dialectric the Spriggan Brigand began the quest for the
                  | Orb.
     0 | D:1      | Reached XP level 1. HP: 10/10 MP: 2/2
    26 | D:1      | Reached skill level 6 in Stealth
   219 | D:1      | Found Tugoufu's Weapon Emporium.
   568 | D:2      | Reached XP level 2. HP: 14/14 MP: 3/3
   584 | D:2      | Found a faded altar of an unknown god.
   613 | D:2      | Prayed at the altar of an unknown god.
   613 | D:2      | Became a worshipper of Gozag Ym Sagoz the Greedy
   910 | D:2      | Reached skill level 7 in Stealth
   910 | D:2      | Reached XP level 3. HP: 18/18 MP: 4/4
  1132 | D:2      | Identified the +0 hand axe of Gauc {speed, *Corrode rPois
                  | rN+ Dex+3}
  1662 | D:3      | Noticed Robin
  2058 | D:4      | Noticed a scorpion
  2060 | D:4      | Killed a scorpion
  2061 | D:4      | Reached XP level 4. HP: 23/23 MP: 5/5
  2107 | D:4      | Found a staircase to the Ecumenical Temple.
  2143 | D:4      | Found a shadowy altar of Dithmenos.
  2154 | D:4      | Reached skill level 8 in Stealth
  2154 | D:4      | Reached XP level 5. HP: 15/26 MP: 6/6
  2278 | D:4      | Splashed by a jelly's acid

Illustrated notes

Levels and vault maps discovered:
D:1:      minmay_arrival_radiant_lines, layout_loops_cross, serial_shops,
          nicolae_shop_bloodbath_and_beyond
D:2:      layout_loops_corners, chequers_ecumenical_altar_twisty,
          lexackson_kobold_supper
D:3:      layout_rooms, mainiacjoe_overflow_tiny_flanked, jmf_multi_god_temple,
          reono_crystal_passage, minmay_misc_feat_square, glass_columns_a,
          hangedman_decor_points, uniq_robin
D:4:      layout_gridville, nicolae_dithmenos_the_darkroom,
          minmay_temple_entry_waves, pf_guarded_unrand_delatra

Skill      XL: |  1  2  3  4 |
---------------+-------------+-----
Stealth        | 6 7 8 |  8.1
Fighting       | 2 |  2.0
Short Blades   | 3 |  3.5
Dodging        | 2 |  2.4
Throwing       | |  2.2

Action                     |  1- 3 |  4- 6 || total
---------------------------+-------+-------++-------
  Melee: Dagger            |   121 |    15 ||   136
         Punch             |     1 |       ||     1
  Throw: Dart              |     2 |       ||     2
   Stab: Sleeping          |    17 |     1 ||    18
 Armour: Robe              |    12 |     1 ||    13
  Dodge: Dodged            |    60 |     7 ||    67

Table legend: (Time is in decaauts)
 A = Elapsed time spent in this place.
 B = Non-inter-level travel time spent in this place.
 C = Inter-level travel time spent in this place.
 D = Time resting spent in this place.
 E = Time spent auto-exploring this place.
 F = Levels seen in this place.
 G = Mean time per level.
                   A        B        C        D        E       F      G
               +--------+--------+--------+--------+--------+-----+--------+
         Total |   1511 |   1425 |     86 |     37 |   1062 |   4 |  377.8 |
       Dungeon |   1511 |   1425 |     86 |     37 |   1062 |   4 |  377.8 |
               +--------+--------+--------+--------+--------+-----+--------+

Top non-repeatable levels by time:
     D:2: 785 daAuts
     D:1: 340 daAuts
     D:4: 198 daAuts
     D:3: 187 daAuts
